 Dungeon Crawl Stone Soup version 0.23.0 (webtiles) character file.

Game seed: 16371840050059458287

1267 Laan the Basher (level 8, -3/117 HPs)
             Began as a Naga Berserker on Feb 12, 2019.
             Was a Priest of Trog.
             Slain by a hornet (11 damage)
             ... on level 7 of the Dungeon.
             The game lasted 00:08:37 (4573 turns).

Laan the Basher (Naga Berserker)                    Turns: 4573, Time: 00:08:38

Health: -3/117     AC: -1    Str: 28    XL:     8   Next: 52%
Magic:  8/8        EV:  9    Int:  7    God:    Trog [***...]
Gold:   321        SH:  0    Dex: 10    Spells: 7/7 levels left

rFire    + + .     SeeInvis +   x - +0 great mace
rCold    . . .     Gourm    .   (shield currently unavailable)
rNeg     . . .     Faith    .   l - +0 ring mail
rPois    +         Spirit   .   n - +0 helmet
rElec    .         Reflect  .   (no cloak)
rCorr    .         Harm     .   (no gloves)
MR       +....                  (no barding)
Stlth    ..........             (no amulet)
HPRegen  0.29/turn              p - ring of protection from fire
MPRegen  0.11/turn              u - ring of protection from fire

@: berserking (expiring), lethally poisoned (-3 -> -4), corroded, slowed, very
slow
A: large, see invisible, deformed body, poison resistance, slowness 2, slow
metabolism 1, spit poison 1, AC +2
a: Spit Poison, Berserk, Trog's Hand, Renounce Religion


You were on level 7 of the Dungeon.
You worshipped Trog.
Trog was most pleased with you.
You were not hungry.

You visited 1 branch of the dungeon, and saw 6 of its levels.

You collected 321 gold pieces.

Inventory:

Hand Weapons
 m - a +0 flail
 x - a +0 great mace (weapon)
Missiles
 s - 6 tomahawks (quivered)
Armour
 l - a +0 ring mail (worn)
 n - a +0 helmet (worn)
Jewellery
 e - an uncursed ring of fire
 p - a ring of protection from fire (left hand)
 u - a ring of protection from fire (right hand)
Wands
 v - a wand of flame (38)
Scrolls
 a - 9 scrolls of identify {unknown}
 b - 2 scrolls of blinking {unknown}
 f - a scroll of noise {unknown}
 i - a scroll of enchant armour {unknown}
 j - 3 scrolls of teleportation {unknown}
 k - 3 scrolls of fog {unknown}
 q - 2 scrolls of remove curse {unknown}
 w - a scroll of magic mapping {unknown}
Potions
 d - a potion of flight {unknown}
 g - a potion of haste {unknown}
 h - 6 potions of curing {unknown}
 o - a potion of degeneration {unknown}
 r - a potion of resistance {unknown}
 t - a potion of magic {unknown}
 A - a potion of invisibility {unknown}
Comestibles
 c - 12 rations


   Skills:
 + Level 6.5 Fighting
 * Level 8.8 Maces & Flails
 - Level 1.5 Armour
 - Level 1.5 Dodging


You had 7 spell levels left.
You didn't know any spells.
Your spell library was empty.

Dungeon Overview and Level Annotations

Branches:
Dungeon (5/15)             Temple (0/1) D:4

Altars:
Gozag
Makhleb
Qazlal
Ru
Yredelemnul


Innate Abilities, Weirdness & Mutations

You cannot wear boots.
Your serpentine skin is tough. (AC +2)
You have supernaturally acute eyesight. (SInv)
Armour fits poorly on your strangely shaped body.
Your system is resistant to poisons. (rPois)
You cover ground very slowly.
You have a slow metabolism.
You can spit poison.


Message History

You barely miss the hornet.
The hornet is almost dead.
The hornet stings you.
* * * LOW HITPOINT WARNING * * *
You are poisoned.
You feel as though you will be slow longer.
The hornet stings you.
* * * LOW HITPOINT WARNING * * *
You feel as though you will be slow longer.
You completely miss the hornet.
The hornet is almost dead.
You feel sick. The hornet barely misses you. x2
You miss the hornet.
The hornet is almost dead.
You feel sick. The hornet barely misses you. The hornet closely misses you.
You are too berserk!
You barely miss the hornet.
The hornet is almost dead.
You feel sick. The hornet stings you!
You die...

...). ...[. #.....
.# ######## #....
#.# #.......
###...# #.#
#.###### .......
#.# #.#
$.....y###.# #.#
#.@...# #.# #.....#
#.# #.....# #.#
#### #.....# #.#
#... #.....######.#
#... #............#
#.>. #.....#.....##
#... #....##.....#
#...
#...........######.


You could see a hornet.

Vanquished Creatures
  A hippogriff (D:7)
  Sigmund (D:3)
  2 sky beasts
  2 ogres (D:5)
  A centaur (D:7)
  A scorpion (D:5)
  3 jellies
  A bullfrog skeleton (D:7)
  A centaur skeleton (D:4)
  A hound (D:5)
  An orc wizard (D:4)
  2 worker ants
  A howler monkey skeleton (D:4)
  5 adders
  4 gnolls (D:4)
  2 oozes (D:2)
  2 worms (D:2)
  A dart slug (D:1)
  5 leopard geckos
  6 orcs
  7 bats
  8 giant cockroaches
  10 goblins
  5 hobgoblins
  6 jackals
  6 frilled lizards
  8 kobolds
  A quokka zombie (D:5)
  6 rats
100 creatures vanquished.

Notes
Turn   | Place    | Note
-------+----------+-------------------------------------------
     0 | D:1      | Laan the Naga Berserker began the quest for the Orb.
     0 | D:1      | Reached XP level 1. HP: 21/21 MP: 1/1
   304 | D:1      | Reached XP level 2. HP: 28/28 MP: 2/2
   902 | D:1      | Reached XP level 3. HP: 34/34 MP: 3/3
  1066 | D:2      | Reached ** piety under Trog
  1081 | D:2      | Reached skill level 4 in Maces & Flails
  1100 | D:2      | Reached XP level 4. HP: 30/44 MP: 4/4
  1739 | D:2      | Found a basalt altar of Yredelemnul.
  1941 | D:2      | Reached XP level 5. HP: 38/50 MP: 5/5
  2188 | D:3      | Noticed Sigmund
  2204 | D:3      | Killed Sigmund
  2204 | D:3      | Reached skill level 5 in Maces & Flails
  2204 | D:3      | Reached XP level 6. HP: 29/58 MP: 6/6
  2776 | D:3      | Reached skill level 6 in Maces & Flails
  2871 | D:4      | Found a sacrificial altar of Ru.
  3098 | D:4      | Reached skill level 5 in Fighting
  3098 | D:4      | Reached XP level 7. HP: 31/67 MP: 7/7
  3235 | D:4      | Found a staircase to the Ecumenical Temple.
  3445 | D:4      | Found an opulent altar of Gozag.
  3453 | D:4      | Found a sacrificial altar of Ru.
  3523 | D:5      | Entered Level 5 of the Dungeon
  3540 | D:5      | Reached skill level 7 in Maces & Flails
  3709 | D:5      | Reached *** piety under Trog
  3885 | D:5      | Found a stormy altar of Qazlal.
  3942 | D:5      | You fall through a shaft for 2 floors!
  3942 | D:7      | Found a burning altar of Makhleb.
  3954 | D:7      | Reached XP level 8. HP: 16/76 MP: 8/8
  4261 | D:7      | Reached skill level 8 in Maces & Flails
  4262 | D:7      | Noticed a hippogriff
  4271 | D:7      | Killed a hippogriff
  4563 | D:7      | Noticed a hornet
  4573 | D:7      | Slain by a hornet

Skill      XL: |  1  2  3  4  5  6  7  8 |
---------------+-------------------------+-----
Maces & Flails | 4 5 6 7 8 |  8.8
Fighting       | 4 5 6 |  6.5
Armour         | |  1.5
Dodging        | |  1.5

Action                   |  1- 3 |  4- 6 |  7- 9 || total
-------------------------+-------+-------+-------++-------
Melee: Mace              |    78 |    41 |       ||   119
       Flail             |       |   134 |    24 ||   158
       Great mace        |       |       |    52 ||    52
Invok: Berserk           |     1 |     2 |     3 ||     6
 Stab: Sleeping          |     1 |       |       ||     1
       Paralysed         |       |     1 |       ||     1
  Eat: Chunk             |       |     7 |     4 ||    11
       Ration            |       |       |     1 ||     1
Armor: Animal skin       |     9 |     7 |       ||    16
       Ring mail         |       |    76 |    28 ||   104
Dodge: Dodged            |    48 |   108 |    44 ||   200
